 Dungeon Crawl Stone Soup version 0.32-a0-350-g4f4d228785 (webtiles) character file.

Game seed: 10143527146742294828

458 garrulousMonolith the Chopper (level 6, -17/53 HPs)
             Began as a Mountain Dwarf Fighter on Feb 18, 2024.
             Was an Initiate of Okawaru.
             Killed from afar by Dowan (26 damage)
             ... with a shard of ice
             ... on level 4 of the Dungeon.
             The game lasted 00:05:33 (3669 turns).

garrulousMonolith the Chopper (MDFi)                Turns: 3669, Time: 00:05:33

Health: -17/53     AC:  7    Str: 19    XL:     6   Next: 77%
Magic:  8/8        EV:  8    Int: 10    God:    Okawaru [......]
Gold:   240        SH:  8    Dex:  9    Spells: 5/5 levels left

rFire   . . .        a - +0 war axe
rCold   . . .        n - +0 kite shield
rNeg    . . .        b - +0 scale mail
rPois   +            (no helmet)
rElec   .            (no cloak)
rCorr   .            (no gloves)
SInv    .            (no boots)
Will    +....        (no amulet) Stlth
                     o - ring of poison resistance
HPRegen 0.28/turn    y - ring of willpower
MPRegen 0.11/turn

%: no passive effects
@: mighty, about to teleport
A: runic magic, artefact enchanting
a: Renounce Religion


You were on level 4 of the Dungeon.
You worshipped Okawaru.
Okawaru was noncommittal.
You visited 2 branches of the dungeon, and saw 7 of its levels.

You collected 240 gold pieces.

Inventory:

Hand Weapons
 a - a +0 war axe (weapon)
 w - a +1 dagger of electrocution
Missiles
 l - 6 poisoned darts (quivered)
 m - 5 curare-tipped darts
 C - a throwing net
Armour
 b - a +0 scale mail (worn)
 c - a +0 buckler
 k - the +0 ring mail of Day {Fly Str+5 Int-3 SInv}
   (You found it on level 2 of the Dungeon)

   Str+5:     It affects your strength (+5).
   Int-3:     It affects your intelligence (-3).
   SInv:      It lets you see invisible.
   Fly:       It grants you flight.
 n - a +0 kite shield (worn)
Jewellery
 o - a ring of poison resistance (left hand)
 y - a ring of willpower (right hand)
 A - a +6 ring of intelligence
Wands
 f - a wand of polymorph (8)
Scrolls
 h - a scroll of teleportation
 i - a scroll of fear {unknown}
 j - a scroll of enchant armour {unknown}
 r - a scroll of fog {unknown}
 s - a scroll of blinking {unknown}
 u - a scroll of butterflies {unknown}
 v - a scroll of identify
 x - a scroll of noise {unknown}
Potions
 e - 2 potions of mutation
 g - a potion of ambrosia {unknown}
 p - 4 potions of attraction
 q - 2 potions of degeneration {unknown}
 t - 2 potions of berserk rage {unknown}
 z - 3 potions of curing {unknown}
 B - a potion of brilliance {unknown}


   Skills:
 + Level 4.6 Fighting
 * Level 5.5 Axes
 + Level 4.6 Armour
 + Level 4.4 Shields
 + Level 3.3 Invocations


You had 5 spell levels left.
You didn't know any spells.
Your spell library contained the following spells:

 Spells                   Type           Power      Damage    Failure   Level
 Foxfire                  Conj/Fire      0%         2x1d4     77%         1
 Magic Dart               Conj           0%         1d3       77%         1
 Blink                    Tloc           0%         N/A       88%         2
 Hailstorm                Conj/Ice       0%         3d5       98%         3
 Plasma Beam              Fire/Air       0%         2x1d10    100%        6
 Starburst                Conj/Fire      0%         6d3       100%        6
 Call Imp                 Summ           Unusable   N/A       N/A         2
 Summon Ice Beast         Ice/Summ       Unusable   N/A       N/A         3
 Sculpt Simulacrum        Ice/Alch       Unusable   N/A       N/A         6

Dungeon Overview and Level Annotations

Branches:
Dungeon (6/15)             Temple (1/1) D:6

Altars:
Ashenzari
Cheibriados
Dithmenos
Elyvilon
Gozag
Hepliaklqana
Kikubaaqudgha
Makhleb
Nemelex Xobeh
Okawaru
Ru
Trog
Uskayaw
Vehumet
Wu Jian
Xom
Zin
The Shining One

Annotations:
D:4 Dowan


Innate Abilities, Weirdness & Mutations

Your spellcasting is much less encumbered by armour.
You can use scrolls of enchantment on lesser artefacts.


Message History

Duvessa is heavily wounded.
You barely miss Dowan. You block Duvessa's attack.
Dowan hits you but does no damage. Duvessa hits you with a +0 rapier.
Dowan's robes are whipped around by a magical breeze.
You block Dowan's attack.
You slash Duvessa!
Duvessa is severely wounded.
You hit Dowan. Duvessa hits you but does no damage.
Dowan hits you with a +0 dagger.
You feel very mighty all of a sudden. Duvessa hits you with a +0 rapier.
Dowan hits you but does no damage.
You barely miss Duvessa.
Duvessa is severely wounded.
You closely miss Dowan. Duvessa hits you with a +0 rapier.
* * * LOW HITPOINT WARNING * * *
Dowan casts a spell.
Dowan blinks!
You barely miss Duvessa.
Duvessa is severely wounded.
Duvessa hits you with a +0 rapier.
* * * LOW HITPOINT WARNING * * *
You block Duvessa's attack.
You closely miss Duvessa.
Duvessa is severely wounded.
You slash Dowan!
Duvessa says, "Where magic fails, the sword succeeds!"
Duvessa barely misses you. Dowan barely misses you.
Okay, then.
As you read the scroll of teleportation, it crumbles to dust.
You feel strangely unstable. You block Duvessa's attack.
Dowan gestures wildly while chanting.
Dowan blinks!
You slash Duvessa!
You kill Duvessa!
Okawaru is honoured by your kill.
Dowan's eyes darken. "You have made a grave mistake."
Dowan seems to find hidden reserves of power!
Dowan casts a spell at you. The shard of ice hits you!!
You die...

........#.##.# #.#
#.......#.##.# #.#
###.....#.##.# #)#
#.#.#.#.##.#####
#.#
###.#.#.#........#
#.#
....#.#.#....$...#
#.#
.####.....†......#
#.# .#
###..........# #.#
#### ##........@#
#.# ...#
#....###.).# ...#
####...#..... ...#
###.....#e.. ####
##...#..... #....
.... #..>.. ...
#.#.## ...


You could see Dowan (fast).

Vanquished Creatures
  Duvessa (D:4)
  A centaur (D:6)
  2 scorpions
  A hound (D:6)
  A gnoll bouda (D:4)
  5 gnolls
  2 adders
  A dart slug (D:3)
  4 ribbon worms
  2 orcs
  4 ball pythons
  4 endoplasms
  3 giant cockroaches
  6 goblins
  7 hobgoblins
  9 jackals
  6 kobolds
  5 quokkas
  4 bats
  2 frilled lizards (D:1)
  4 rats
74 creatures vanquished.

Notes
Turn   | Place    | Note
-------+----------+-------------------------------------------
     0 | D:1      | garrulousMonolith the Mountain Dwarf Fighter began the
                  | quest for the Orb.
     0 | D:1      | Reached XP level 1. HP: 19/19 MP: 1/1
   153 | D:1      | Reached XP level 2. HP: 26/26 MP: 2/2
   165 | D:1      | Reached skill level 3 in Axes
   165 | D:1      | Reached skill level 1 in Invocations
   249 | D:1      | Reached XP level 3. HP: 31/31 MP: 3/3
   820 | D:2      | Identified the +0 ring mail of Day {Fly Str+5 Int-3 SInv}
   840 | D:2      | Reached XP level 4. HP: 24/40 MP: 5/5
  1379 | D:2      | Reached skill level 4 in Axes
  1807 | D:3      | You fall into a shaft and drop 3 floors!
  1837 | D:6      | Reached XP level 5. HP: 36/46 MP: 6/6
  1955 | D:6      | Noticed a centaur
  1958 | D:6      | Found a staircase to the Ecumenical Temple.
  1967 | Temple   | Entered the Ecumenical Temple
  2037 | Temple   | Became a worshipper of Warmaster Okawaru
  2056 | D:6      | Killed a centaur
  2057 | D:6      | Reached XP level 6. HP: 34/53 MP: 6/8
  2126 | D:6      | Noticed a hornet
  2141 | D:5      | Entered Level 5 of the Dungeon
  2149 | D:5      | Reached skill level 5 in Axes
  2901 | D:3      | Found an ancient bone altar of Kikubaaqudgha.
  2931 | D:3      | Found a hazy altar of Hepliaklqana.
  3294 | D:3      | Found a glowing golden altar of the Shining One.
  3497 | D:4      | Found a sparkling altar of Nemelex Xobeh.
  3653 | D:4      | Noticed Dowan
  3654 | D:4      | Noticed Duvessa
  3669 | D:4      | Killed Duvessa
  3669 | D:4      | Killed from afar by Dowan

Illustrated notes

Levels and vault maps discovered:
D:1:      elethiomel_arrival_maze, layout_rooms
D:2:      minmay_inner_zag, layout_loops_ring, corexii_item_surrounded_by_moat,
          grunt_ministairs_13
D:3:      layout_basic, mainiacjoe_overflow_catwalk,
          nicolae_hepliaklqana_hazy_memory, lemuel_coloured_pillars_altar,
          minmay_hedge_maze, minmay_misc_feat_hallway
D:4:      layout_basic, general_overflow_altar, minmay_ruptured, uniq_duvessa
D:5:      layout_layer_cave, overflow_temple_1_default,
          nicolae_qazlal_style_of_elements, uniq_prince_ribbit1
D:6:      layout_basic, minmay_temple_entry_grid, serial_shops, shop,
          grunt_ministairs_8, eino_tiny_chamber, kennysheep_generic_room_4
Temple:   nicolae_temple_great_sept

Skill      XL: |  1  2  3  4  5  6 |
---------------+-------------------+-----
Axes           | 3 4 5 |  5.5
Invocations    | 1 2 3 |  3.3
Fighting       | 4 |  4.6
Armour         | 4 |  4.6
Shields        | 4 |  4.4

Action                     |  1- 3 |  4- 6 || total
---------------------------+-------+-------++-------
  Melee: War axe           |    94 |   173 ||   267
    Use: Scroll            |     2 |     3 ||     5
         Potion            |       |     2 ||     2
 Armour: Scale mail        |    81 |   137 ||   218
         Ring mail         |       |    17 ||    17
  Dodge: Dodged            |    51 |    86 ||   137
  Block: Buckler           |    29 |     3 ||    32
         Kite shield       |       |   106 ||   106

Table legend: (Time is in decaauts)
 A = Elapsed time spent in this place.
 B = Non-inter-level travel time spent in this place.
 C = Inter-level travel time spent in this place.
 D = Time resting spent in this place.
 E = Time spent auto-exploring this place.
 F = Levels seen in this place.
 G = Mean time per level.
                   A        B        C        D        E       F      G
               +--------+--------+--------+--------+--------+-----+--------+
         Total |   3771 |   3701 |     70 |    460 |   2468 |   7 |  538.7 |
       Dungeon |   3690 |   3620 |     70 |    412 |   2468 |   6 |  615.0 |
        Temple |     80 |     80 |      0 |     48 |      0 |   1 |   80.0 |
               +--------+--------+--------+--------+--------+-----+--------+

Top non-repeatable levels by time:
     D:3: 1089 daAuts
     D:2: 1031 daAuts
     D:1: 735 daAuts
     D:4: 549 daAuts
     D:6: 266 daAuts
  Temple: 80 daAuts
     D:5: 19 daAuts
